 Dungeon Crawl Stone Soup version 0.19-a0-1895-g783e625 (webtiles) character file.

340 tiktok the Slinger (level 6, -1/39 HPs)
             Began as a Halfling Hunter on Oct 19, 2016.
             Slain by an iguana (7 damage)
             ... on level 4 of the Dungeon.
             The game lasted 00:06:18 (2588 turns).

tiktok the Slinger (Halfling Hunter)                Turns: 2588, Time: 00:06:18

Health: -1/39      AC:  3    Str: 14    XL:     6   Next: 87%
Magic:  6/6        EV: 15    Int:  9    God:
Gold:   212        SH:  0    Dex: 16    Spells: 0 memorised, 5 levels left

rFire  . . .     SeeInvis .     b - +0 short sword
rCold  . . .     Gourm    .     c - +0 leather armour
rNeg   . . .     Faith    .     (shield restricted)
rPois  .         Spirit   .     (no helmet)
rElec  .         Reflect  .     (no cloak)
rCorr  .         Harm     .     (no gloves)
MR     .....                    (no boots)
Stlth  ++........               (no amulet)
                                (no ring)
                                (no ring)

@: no status effects
A: mutation resistance 1
a: no special abilities


You were on level 4 of the Dungeon.
You were not hungry.

You visited 1 branch of the dungeon, and saw 4 of its levels.

You collected 212 gold pieces.

Inventory:

Hand Weapons
 a - a +1 hunting sling
 b - a +0 short sword (weapon)
Missiles
 h - 41 stones (quivered)
Armour
 c - a +0 leather armour (worn)
Scrolls
 d - a scroll of recharging {unknown}
 e - 2 scrolls of identify {unknown}
 i - 3 scrolls of enchant weapon {unknown}
 m - a scroll of noise {unknown}
 p - a scroll of enchant armour {unknown}
 q - a scroll of fog {unknown}
 s - 2 scrolls of teleportation {unknown}
Potions
 j - 2 potions of might {unknown}
 k - a potion of curing {unknown}
 o - a potion of flight {unknown}
 r - a potion of degeneration {unknown}
Comestibles
 f - a bread ration
 g - a beef jerky
 l - a meat ration
 n - 3 fruits


   Skills:
 - Level 1.8 Fighting
 + Level 10.8 Slings
 - Level 2.2 Dodging
 - Level 1.1 Stealth


You had 5 spell levels left.
You didn't know any spells.

Dungeon Overview and Level Annotations

Branches:
Dungeon (4/15)
 Temple: D:4-7

Altars:
Gozag


Innate Abilities, Weirdness & Mutations

You are small and have problems with some larger weapons.
You are somewhat resistant to further mutation.


Message History

You shoot a stone. The stone closely misses the iguana.
The quokka barely misses you. The iguana completely misses you.
b - a +0 short sword (weapon)
The quokka misses you.
Your leather armour prevents you from hitting the iguana.
The iguana is almost dead.
The iguana barely misses you. The quokka misses you.
You hit the iguana but do no damage.
The iguana is almost dead.
The iguana barely misses you. The quokka misses you.
You hit the iguana but do no damage.
The iguana is almost dead.
The quokka bites you.
* * * LOW HITPOINT WARNING * * *
The iguana bites you.
* * * LOW HITPOINT WARNING * * *
The quokka bites you.
* * * LOW HITPOINT WARNING * * *
The iguana bites you!
You die...

.......#.....#
##..............
#...............# #
#...............# ##
#...............# #.
#....%..........##. #.
#...............##.####.
#....r@.......# #.#....
......l........###.#....
...#.(..................
....(#.....###..##.#....
...................#....
..(............###......
.(......................
(.......................
.......................


You could see an iguana and a quokka.

Vanquished Creatures
  Sigmund (D:2)
  A scorpion (D:3)
  Natasha (D:2)
  3 adders (D:3)
  An ooze (D:3)
  A worm (D:2)
  2 dart slugs (D:1)
  2 leopard geckos
  8 bats
  7 giant cockroaches
  10 goblins
  6 hobgoblins
  8 jackals
  A quokka (D:3)
  3 frilled lizards
  7 kobolds
  9 rats
71 creatures vanquished.

Notes
Turn   | Place    | Note
-------+----------+-------------------------------------------
     0 | D:1      | tiktok the Halfling Hunter began the quest for the Orb.
     0 | D:1      | Reached XP level 1. HP: 14/14 MP: 1/1
    32 | D:1      | Reached skill level 6 in Slings
   124 | D:1      | Reached XP level 2. HP: 19/19 MP: 2/2
   343 | D:1      | Reached XP level 3. HP: 22/24 MP: 3/3
   349 | D:1      | Reached skill level 7 in Slings
  1186 | D:2      | Reached XP level 4. HP: 22/29 MP: 4/4
  1265 | D:2      | Noticed Natasha
  1269 | D:2      | Killed Natasha
  1269 | D:2      | Reached skill level 8 in Slings
  1567 | D:2      | Noticed Sigmund
  1578 | D:2      | Killed Sigmund
  1578 | D:2      | Reached skill level 10 in Slings
  1578 | D:2      | Reached XP level 5. HP: 30/34 MP: 5/5
  1578 | D:2      | Reached XP level 6. HP: 34/39 MP: 6/6
  2134 | D:3      | Found an opulent altar of Gozag.
  2588 | D:4      | Slain by an iguana

Vault maps used:
D:1:      minmay_arrival_plants_in_alcoves
D:2:      minmay_tromino_v2, uniq_sigmund, uniq_natasha
D:3:      nicolae_gozag_seed_capital
D:4:      first_bread, st_stairs_12

Skill      XL: |  1  2  3  4 |
---------------+-------------+-----
Slings         | 6 7 10 | 10.8
Fighting       | |  1.8
Dodging        | |  2.2
Stealth        | |  1.1

Action                   |  1- 3 |  4- 6 || total
-------------------------+-------+-------++-------
Melee: Short sword       |    31 |     5 ||    36
 Fire: Hunting sling     |    80 |   122 ||   202
  Eat: Chunk             |     1 |     4 ||     5
Armor: Leather armour    |    14 |     2 ||    16
Dodge: Dodged            |    30 |    30 ||    60
